AoeStats
← -MUNS-

Arena

515496211Analyzed
4v4 RM · 25d ago on Oct 22, 2026· 34m 55s· 8 players
Game mode
Random Map
Map size
Large (8 player)
Population
200
Speed
Normal
Resources
Standard
Victory
Conquest
Starting age
Dark Age
Ending age
Imperial Age
RankedLock teamsTeams togetherTeam positionsShared explorationLock speedFull tech treeHidden civsTurbo modeCheats
Victory
Defeat
🇫🇷 Huns · France
893
+12
🇨🇳 Britons · China
747
+18
🇲🇽 Koreans · Mexico
736
+19
🇨🇳 Ethiopians · China
714
+19
vs
🇬🇷 Bengalis · Greece
853
-19
🇵🇪 Persians · Peru
799
-17
🇫🇷 Bohemians · France
768
-16
🇸🇪 Britons · Sweden
762
-16
PEExedra
3:39 Loom
12:11 Feudal Age
14:06 Double-Bit Axe
15:04 Wheelbarrow
16:03 Town Watch
16:03 Horse Collar
16:25 Stone Mining
23:16 Castle Age
24:44 Bloodlines
24:36 Husbandry
23:59 Light Cavalry
25:54 Scale Barding Armor
29:47 Hand Cart
Dalta75
10:39 Feudal Age
11:05 Double-Bit Axe
11:01 Horse Collar
12:35 Loom
17:40 Castle Age
18:33 Bow Saw
18:43 Heavy Plow
22:36 Wheelbarrow
28:41 Hand Cart
32:02 Imperial Age
29:26 Town Watch
30:42 Town Patrol
31:46 Chemistry
30:50 Scale Mail Armor
31:48 Chain Mail Armor
31:44 Forging
31:47 Masonry
31:51 Fortified Wall
32:22 Caravan
32:53 Coinage
34:03 Two-Man Saw
33:40 Plate Mail Armor
34:34 Iron Casting
33:59 Padded Archer Armor
33:50 Fletching
34:13 Masonry
34:00 Murder Holes
34:31 Guilds
34:51 Banking
34:43 Guilds
-MUNS-
10:21 Feudal Age
23:48 Castle Age
30:42 Elite Skirmisher
31:58 Crossbowman
orestsymeonidhs
10:28 Feudal Age
15:06 Castle Age
19:32 Loom
25:09 Horse Collar
25:22 Double-Bit Axe
30:10 Wheelbarrow
29:20 Town Watch
31:11 Hand Cart
35:37 Imperial Age
Namtar
0:28 Loom
13:06 Feudal Age
18:01 Castle Age
16:10 Double-Bit Axe
16:15 Horse Collar
17:57 Wheelbarrow
19:13 Bow Saw
21:35 Town Watch
21:43 Fletching
21:59 Scale Barding Armor
25:38 Bodkin Arrow
27:41 Husbandry
28:34 Chain Barding Armor
30:09 Thumb Ring
31:16 Hand Cart
31:02 Town Patrol
31:30 Ballistics
30:35 Light Cavalry
36:05 Imperial Age
33:34 Gold Mining
darkjafar87
12:41 Loom
14:28 Feudal Age
20:19 Wheelbarrow
20:16 Gold Mining
20:18 Stone Mining
20:10 Horse Collar
20:19 Double-Bit Axe
20:29 Town Watch
23:00 Castle Age
20:58 Fletching
21:11 Padded Archer Armor
22:48 Bloodlines
25:14 Hand Cart
25:24 Heavy Plow
25:37 Bow Saw
29:45 Ballistics
29:36 Thumb Ring
29:29 Bodkin Arrow
29:50 Leather Archer Armor
29:38 Husbandry
34:07 Imperial Age
31:45 Town Patrol
32:10 Murder Holes
32:30 Masonry
33:41 Light Cavalry
34:29 Heavy Cavalry Archer
35:34 Parthian Tactics
-300
10:04 Feudal Age
14:38 Double-Bit Axe
20:30 Castle Age
19:30 Gold Mining
19:35 Stone Mining
23:02 Gold Shaft Mining
29:14 Yeomen
29:44 Fletching
30:05 Forging
30:58 Wheelbarrow
33:35 Imperial Age
33:10 Wheelbarrow
33:36 Ballistics
33:21 Padded Archer Armor
33:20 Bodkin Arrow
33:29 Scale Mail Armor
34:16 Iron Casting
33:42 Scale Mail Armor
34:32 Leather Archer Armor
偷吃小孩辣条
9:37 Feudal Age
10:20 Double-Bit Axe
13:09 Castle Age
16:15 Horse Collar
23:55 Scale Mail Armor
25:19 Wheelbarrow
24:31 Loom
25:34 Bow Saw
25:42 Arson
26:16 Chain Mail Armor
26:45 Forging
28:12 Hand Cart
29:52 Squires
33:15 Imperial Age
31:45 Fletching
32:22 Bodkin Arrow
33:06 Crossbowman
33:51 Thumb Ring
34:28 Iron Casting
34:18 Ballistics
34:59 Chemistry
35:14 Two-Man Saw
33:39 Arbalester
34:23 Bracer
34:55 Plate Mail Armor
33:47 Halberdier
Connection lost

Rejoining the realm…

Still unreachable

The connection could not be restored.

Session expired

The server has moved on; the page needs a fresh start.